AoeStats
← TheQuietRiot

Arena

506715382Analyzed
1v1 RM · 18d ago on Sep 14, 2026· 29m 59s· 2 players
Game mode
Random Map
Map size
Tiny (2 player)
Population
200
Speed
Normal
Resources
Standard
Victory
Conquest
Starting age
Dark Age
Ending age
Imperial Age
RankedLock teamsTeams togetherTeam positionsShared explorationLock speedFull tech treeHidden civsTurbo modeCheats
Victory
Defeat
🇦🇷 Turks · Argentina
929
+18
🇬🇧 Teutons · United Kingdom
972
-18
TheQuietRiot
10:05 Feudal Age
8:30 Loom
12:35 Double-Bit Axe
17:09 Castle Age
15:39 Stone Mining
16:57 Horse Collar
18:55 Bow Saw
20:43 Wheelbarrow
22:46 Fletching
22:22 Pikeman
23:02 Squires
25:44 Fletching
25:55 Gold Mining
29:38 Forging
30:08 Bloodlines
yeSenpai
12:50 Feudal Age
16:40 Castle Age
15:25 Double-Bit Axe
15:32 Gold Mining
20:55 Imperial Age
Connection lost

Rejoining the realm…

Still unreachable

The connection could not be restored.

Session expired

The server has moved on; the page needs a fresh start.